 Dungeon Crawl Stone Soup version 0.26.0-10-g1f06aea511 (webtiles) character file.

Game seed: 2881616279080109877

63 sanka the Shooter (level 3, 0/21 HPs)
             Began as a Deep Elf Hunter on Jan 21, 2021.
             Slain by an ooze (5 damage)
             ... on level 2 of the Dungeon.
             The game lasted 00:03:26 (2551 turns).

sanka the Shooter (Deep Elf Hunter)                 Turns: 2551, Time: 00:03:26

Health: 0/21       AC:  3    Str: 10    XL:     3   Next: 87%
Magic:  5/5        EV: 12    Int: 15    God:
Gold:   118        SH:  0    Dex: 15    Spells: 2/2 levels left

rFire    . . .     SeeInvis .   a - +1 shortbow
rCold    . . .     Faith    .   (shield currently unavailable)
rNeg     . . .     Spirit   .   c - +0 leather armour
rPois    .         Reflect  .   (no helmet)
rElec    .         Harm     .   (no cloak)
rCorr    .         Rampage  .   (no gloves)
Will     .....                  (no boots)
Stlth    ++........             i - amulet of the acrobat
HPRegen  0.07/turn              (no ring)
MPRegen  0.09/turn              (no ring)

@: no status effects
A: no striking features
a: no special abilities


You were on level 2 of the Dungeon.
You visited 1 branch of the dungeon, and saw 2 of its levels.

You collected 118 gold pieces.


   Skills:
 - Level 2.0 Fighting
 + Level 7.1 Bows
 - Level 2.4 Dodging
 - Level 1.2 Stealth


You had 2 spell levels left.
You didn't know any spells.
Your spell library was empty.

Inventory:

Hand Weapons
 a - a +1 shortbow (weapon)
 b - a +0 short sword
Missiles
 d - 36 arrows (quivered ammo)
Armour
 c - a +0 leather armour (worn)
Jewellery
 i - an amulet of the acrobat (around neck)
Scrolls
 e - 6 scrolls of identify {unknown}
 g - a scroll of amnesia {unknown}
 m - a scroll of teleportation {unknown}
Potions
 f - a potion of might {unknown}
 h - a potion of degeneration {unknown}
 j - 2 potions of attraction {unknown}
 k - a potion of invisibility {unknown}
 l - 2 potions of lignification {unknown}
 n - a potion of cancellation {unknown}

Dungeon Overview and Level Annotations

Branches:
Dungeon (2/15)

Altars:
Ru
Xom

▒_▒ ▒▒.▒▒ ▒...▒
▒▒...▒▒ ▒.....▒
▒▒▒.....▒▒▒
▒▒▒....8....▒▒▒
▒▒▒▒▒......▒......▒
▒.eJ....(8▒▒▒8.....
▒.▒▒▒......▒......▒
▒...▒▒▒....8....▒▒▒
▒.....▒▒▒.....▒▒▒
▒......▒▒.....▒
▒▒▒▒..▒▒▒▒...▒▒
▒▒.▒▒▒▒...▒ ▒...▒
▒▒▒.▒


You could see an ooze.


Message History

* * * LOW HITPOINT WARNING * * *
You hit the ooze but do no damage.
The ooze is heavily wounded.
The goblin closely misses you. The ooze hits you.
* * * LOW HITPOINT WARNING * * *
You hit the ooze.
The ooze is severely wounded.
The goblin hits you.
* * * LOW HITPOINT WARNING * * *
The ooze barely misses you.
There is an open door here.
Unknown command.
a - a +1 shortbow (weapon)
The goblin hits you.
* * * LOW HITPOINT WARNING * * *
You shoot an arrow. The arrow hits the goblin!
You kill the goblin!
You shoot an arrow. The arrow barely misses the ooze.
The ooze hits you but does no damage.
You shoot an arrow. The arrow hits the ooze.
The ooze is almost dead.
The ooze closely misses you.
You shoot an arrow. The arrow barely misses the ooze.
The ooze hits you.
You die...

Action                   || total
-------------------------++-------
Melee: Short sword       ||   126
 Fire: Shortbow          ||    53
 Stab: Sleeping          ||     3
Armor: Leather armour    ||    51
Dodge: Dodged            ||    95

Levels and vault maps discovered:
D:1:      dpeg_arrival_rooms_a, layout_basic, due_unseen_surprise
D:2:      layout_rooms, minmay_overflow_temple_star_quad, chequers_jeans,
          minmay_tetromino_l4

Notes
Turn   | Place    | Note
-------+----------+-------------------------------------------
     0 | D:1      | sanka the Deep Elf Hunter began the quest for the Orb.
     0 | D:1      | Reached XP level 1. HP: 12/12 MP: 3/3
   131 | D:1      | Reached skill level 6 in Bows
   131 | D:1      | Reached XP level 2. HP: 16/16 MP: 4/4
  1184 | D:1      | Reached XP level 3. HP: 21/21 MP: 5/5
  1676 | D:1      | Reached skill level 2 in Fighting
  2171 | D:2      | Reached skill level 7 in Bows
  2519 | D:2      | Found a sacrificial altar of Ru.
  2524 | D:2      | Found a shimmering altar of Xom.
  2551 | D:2      | Slain by an ooze

Vanquished Creatures
  An adder (D:2)
  3 dart slugs
  A leopard gecko (D:1)
  4 bats (D:1)
  3 giant cockroaches (D:1)
  6 goblins
  7 hobgoblins
  10 kobolds
  3 frilled lizards (D:1)
  5 rats (D:1)
43 creatures vanquished.

Table legend: (Time is in decaauts)
 A = Elapsed time spent in this place.
 B = Non-inter-level travel time spent in this place.
 C = Inter-level travel time spent in this place.
 D = Time resting spent in this place.
 E = Time spent auto-exploring this place.
 F = Levels seen in this place.
 G = Mean time per level.
                   A        B        C        D        E       F      G
               +--------+--------+--------+--------+--------+-----+--------+
         Total |   2551 |   2523 |     28 |   1323 |    785 |   2 | 1275.5 |
       Dungeon |   2551 |   2523 |     28 |   1323 |    785 |   2 | 1275.5 |
               +--------+--------+--------+--------+--------+-----+--------+

Top non-repeatable levels by time:
     D:1: 1805 daAuts
     D:2: 745 daAuts
